 Dungeon Sprint DCSS version bcrawl-1.21.2-28-g2cb1824106 (webtiles) character file.

Game seed: 13996031342984361966

6190 Darkdwarf the Basher (level 10, -8/94 HPs)
             Began as an Oni Fighter on Mar 22, 2020.
             Was the Champion of Cheibriados.
             Mangled by a lindwurm (14 damage)
             ... in the Dungeon (Sprint IX: "|||||||||||||||||||||||||||||").
             The game lasted 00:03:01 (1493 turns).

Darkdwarf the Basher (Oni Fighter)                  Turns: 1493, Time: 00:03:01

Health: -8/94      AC: 12    Str: 38    XL:     10   Next: 91%
Magic:  16/24      EV: 14    Int: 31    God:    Cheibriados [******]
Gold:   0          SH: 15    Dex: 25    Spells: 16/25 levels left

rFire    . . .     SeeInvis .   a - +0 flail
rCold    . . .     Gourm    .   c - +0 medium shield
rNeg     . . .     Faith    .   s - +1 scale mail
rPois    .         Spirit   .   (helmet restricted)
rElec    .         Reflect  .   (no cloak)
rCorr    .         Harm     .   p - +0 pair of gloves
MR       .....     NoTele   +   q - +0 pair of boots
Stlth    +.........             (no amulet)
HPRegen  0.25/turn              t - +3 ring of strength
MPRegen  0.19/turn              r - +3 ring of intelligence

@: very slow
A: oni magic, claws 1, fangs 1, horns 1
a: Bend Time, Temporal Distortion, Slouch, Step From Time, Renounce Religion


You were in the Dungeon.
You worshipped Cheibriados.
Cheibriados was exalted by your worship.
You were not hungry.

You visited 1 branch

Inventory:

Hand Weapons
 a - a +0 flail (weapon)
 o - a +2 dire flail of crushing
Armour
 b - a +0 scale mail
 c - a +0 medium shield (worn)
 p - a +0 pair of gloves (worn)
 q - a +0 pair of boots (worn)
 s - a +1 scale mail (worn)
Jewellery
 r - a +3 ring of intelligence (right hand)
 t - a +3 ring of strength (left hand)
Wands
 n - a wand of acid (2)
Scrolls
 k - 3 scrolls of blinking
 l - 4 scrolls of remove curse
 m - 2 scrolls of amnesia
 w - 2 scrolls of identify
 y - a scroll of fear
 z - 2 scrolls of enchant armour
Potions
 d - 2 potions of might
 f - a potion of invisibility
 g - 2 potions of heal wounds
 h - 2 potions of haste
 i - 4 potions of magic
 j - 5 potions of curing
 u - a potion of resistance
 v - a potion of agility
Miscellaneous
 x - a lamp of fire
Comestibles
 e - a ration {!d}


   Skills:
 + Level 10.8 Fighting
 + Level 12.9 Maces & Flails
 + Level 10.6 Armour
 + Level 4.4 Dodging
 + Level 10.2 Shields
 * Level 8.2 Spellcasting
   Level 8.2 Conjurations
   Level 8.2 Hexes
   Level 8.2 Charms
   Level 8.2 Summonings
   Level 8.2 Necromancy
   Level 8.2 Translocations
   Level 8.2 Transmutations
   Level 8.2 Fire Magic
   Level 8.2 Ice Magic
   Level 8.2 Air Magic
   Level 8.2 Earth Magic
   Level 8.2 Poison Magic
 + Level 2.9 Invocations
 + Level 4.1 Evocations


You had 16 spell levels left.
You knew the following spells:

 Your Spells              Type           Power        Failure   Level  Hunger
a - Fireball              Conj/Fire      ######....   11%         5    ####...
b - Force Lance           Tloc           ######..     2%          4    None

Your spell library contained the following spells:

 Spells                   Type           Power        Failure   Level  Hunger
 Sting                    Conj/Pois      ####         1%          1    None
 Poisonous Vapours        Pois/Air       ######       1%          2    None
 Sticks to Snakes         Tmut           ######..     1%          2    None


Dungeon Overview and Level Annotations

Branches:
Dungeon (1/1)

Altars:
Cheibriados
Dithmenos
Elyvilon
Fedhas
Gozag
Hepliaklqana
Kikubaaqudgha
Lugonu
Makhleb
Nemelex Xobeh
Okawaru
Qazlal
Ru
Sif Muna
Trog
Uskayaw
Vehumet
Wu Jian
Xom
Yredelemnul
Zin
The Shining One
Beogh
Jiyva


Innate Abilities, Weirdness & Mutations

You learn spells by gaining experience, not through books or religion.
You only train spellcasting to practice magic.
You have sharp fingernails.
You have very sharp teeth.
You have a pair of small horns on your head.


Message History

The lindwurm is heavily wounded.
You block the lindwurm's attack. x2
The lindwurm claws you but does no damage.
You hit the lindwurm but do no damage. You headbutt the lindwurm.
The lindwurm is severely wounded.
You hit the lindwurm but do no damage.
The lindwurm is severely wounded.
The lindwurm breathes flames at you. The blast of flame hits you!!
* * * LOW HITPOINT WARNING * * *
You hit the lindwurm but do no damage.
The lindwurm is severely wounded.
You block the lindwurm's attack.
The lindwurm claws you but does no damage.
The lindwurm claws you.
* * * LOW HITPOINT WARNING * * *
You hit the lindwurm. You headbutt the lindwurm!
The lindwurm is almost dead.
The lindwurm bites you!
You die...

▓_▓.▓÷▓
▓_▓.▓.▓
▓_▓.▓.▓
▓_▓.▓.▓
▓_▓.▓.▓
▓_▓.▓.▓
▓'▓.▓'▓
▓.▓.▓†▓
▓.▓.▓@▓
▓|▓.▓k▓
▓)▓.▓w▓
▓.▓.▓w▓
▓.▓.▓k▓
▓.▓.▓.▓
▓)▓.▓.▓
▓.▓.▓?▓
▓[▓.▓


You could see 2 tyrant leeches and 2 lindwurms.

Vanquished Creatures
  A centaur warrior (D)
  A two-headed ogre (D)
  A deep elf mage (D)
  An ugly thing (D)
  A black mamba (D)
  A komodo dragon (D)
  2 cane toads (D)
  A troll (D)
  2 tyrant leeches (D)
  2 blink frogs (D)
  A hippogriff (D)
  A wyvern (D)
  A wraith (D)
  A yak (D)
  A hungry ghost (D)
  4 crocodiles (D)
  2 water moccasins (D)
  A porcupine (D)
  An ogre (D)
  A centaur (D)
  3 bullfrogs (D)
  A howler monkey (D)
  A hound (D)
  An adder (D)
  A shadow imp (D)
  2 worms (D)
  A dart slug (D)
  2 orcs (D)
  A bat (D)
  2 goblins (D)
  A quokka zombie (D)
  A rat (D)
44 creatures vanquished.

Notes
Turn   | Place    | Note
-------+----------+-------------------------------------------
     0 | D        | Darkdwarf the Oni Fighter began the quest for the Orb.
     0 | D        | Reached XP level 1. HP: 19/19 MP: 3/3
    11 | D        | Reached XP level 2. HP: 26/26 MP: 3/5
    33 | D        | Noticed an ogre
    36 | D        | Killed an ogre
    36 | D        | Reached skill level 5 in Fighting
    36 | D        | Reached skill level 3 in Maces & Flails
    36 | D        | Reached XP level 3. HP: 16/36 MP: 5/8
    36 | D        | Reached XP level 4. HP: 19/42 MP: 5/9
    47 | D        | Reached skill level 4 in Maces & Flails
    47 | D        | Reached skill level 5 in Armour
    47 | D        | Reached XP level 5. HP: 22/48 MP: 6/11
    77 | D        | Found a roughly hewn altar of Beogh.
    77 | D        | Found a snail-covered altar of Cheibriados.
    77 | D        | Found a shadowy altar of Dithmenos.
    77 | D        | Found a white marble altar of Elyvilon.
    77 | D        | Found a blossoming altar of Fedhas.
    77 | D        | Found an opulent altar of Gozag.
    78 | D        | Found a hazy altar of Hepliaklqana.
    79 | D        | Found a viscous altar of Jiyva.
    80 | D        | Found an ancient bone altar of Kikubaaqudgha.
    81 | D        | Found a corrupted altar of Lugonu.
    82 | D        | Found a burning altar of Makhleb.
    83 | D        | Found a sparkling altar of Nemelex Xobeh.
    87 | D        | Became a worshipper of Cheibriados the Contemplative
    91 | D        | Found an iron altar of Okawaru.
    92 | D        | Found a stormy altar of Qazlal.
    93 | D        | Found a sacrificial altar of Ru.
    94 | D        | Found a shimmering blue altar of Sif Muna.
    95 | D        | Found a bloodstained altar of Trog.
    96 | D        | Found a hide-covered altar of Uskayaw.
    97 | D        | Found a radiant altar of Vehumet.
    98 | D        | Found an ornate altar of the Wu Jian Council.
    99 | D        | Found a shimmering altar of Xom.
   100 | D        | Found a basalt altar of Yredelemnul.
   101 | D        | Found a glowing silver altar of Zin.
   102 | D        | Found a glowing golden altar of the Shining One.
   283 | D        | Noticed a crocodile
   283 | D        | Noticed a deep elf mage
   283 | D        | Noticed a troll
   283 | D        | Noticed a two-headed ogre
   283 | D        | Noticed a centaur
   295 | D        | Killed a crocodile
   295 | D        | Reached skill level 5 in Maces & Flails
   295 | D        | Reached skill level 5 in Shields
   295 | D        | Reached XP level 6. HP: 19/57 MP: 11/13
   298 | D        | Killed a deep elf mage
   298 | D        | Reached * piety under Cheibriados
   298 | D        | Reached skill level 7 in Maces & Flails
   298 | D        | Reached skill level 1 in Dodging
   298 | D        | Reached XP level 7. HP: 17/66 MP: 11/16
   300 | D        | Reached skill level 8 in Maces & Flails
   300 | D        | Reached skill level 5 in Spellcasting
   301 | D        | Killed a two-headed ogre
   301 | D        | Reached ** piety under Cheibriados
   301 | D        | Reached skill level 9 in Maces & Flails
   301 | D        | Reached skill level 1 in Evocations
   301 | D        | Reached XP level 8. HP: 6/75 MP: 11/18
   302 | D        | Killed a troll
   607 | D        | Noticed a wraith
   607 | D        | Noticed a centaur warrior
   607 | D        | Noticed a green ugly thing
   619 | D        | Killed a wraith
   619 | D        | Reached XP level 9. HP: 57/83 MP: 20/20
   624 | D        | Reached skill level 10 in Maces & Flails
   629 | D        | Killed a centaur warrior
   629 | D        | Reached *** piety under Cheibriados
   632 | D        | Killed a green ugly thing
   632 | D        | Reached skill level 11 in Maces & Flails
   637 | D        | Reached **** piety under Cheibriados
   651 | D        | HP: 4/85 [poisoned by a green ugly thing]
  1136 | D        | Reached ***** piety under Cheibriados
  1136 | D        | Reached XP level 10. HP: 93/93 MP: 22/22
  1142 | D        | Reached skill level 10 in Fighting
  1151 | D        | Reached skill level 10 in Armour
  1151 | D        | Reached skill level 1 in Invocations
  1186 | D        | Noticed a cane toad
  1189 | D        | Reached skill level 12 in Maces & Flails
  1192 | D        | Noticed a black mamba
  1195 | D        | Reached ****** piety under Cheibriados
  1197 | D        | Noticed a cane toad
  1215 | D        | Killed a cane toad
  1216 | D        | Killed a black mamba
  1216 | D        | Reached skill level 10 in Shields
  1220 | D        | Killed a cane toad
  1453 | D        | Learned a level 5 spell: Fireball
  1458 | D        | Learned a level 4 spell: Force Lance
  1467 | D        | Noticed a lindwurm
  1481 | D        | Noticed a lindwurm
  1493 | D        | Mangled by a lindwurm

Skill      XL: |  1  2  3  4  5  6  7  8  9 10 |
---------------+-------------------------------+-----
Armour         | 3 4 5 7 8 9 10 | 10.6
Shields        | 3 4 5 6 7 8 9 10 | 10.2
Fighting       | 5 6 7 8 9 10 | 10.8
Maces & Flails | 3 4 5 7 9 11 12 | 12.9
Spellcasting   | 2 3 4 5 6 7 8 |  8.2
Dodging        | 1 2 3 4 |  4.4
Evocations     | 1 3 4 |  4.1
Invocations    | 2 |  2.9
Conjurations   | |  8.2
Hexes          | |  8.2
Charms         | |  8.2
Summonings     | |  8.2
Necromancy     | |  8.2
Translocations | |  8.2
Transmutations | |  8.2
Fire Magic     | |  8.2
Ice Magic      | |  8.2
Air Magic      | |  8.2
Earth Magic    | |  8.2
Poison Magic   | |  8.2

Action                   |  1- 3 |  4- 6 |  7- 9 | 10-12 || total
-------------------------+-------+-------+-------+-------++-------
Melee: Flail             |    10 |    30 |    28 |    52 ||   120
       Headbutt          |       |     3 |     8 |    17 ||    28
       Bite              |       |     3 |     4 |    13 ||    20
 Cast: Force Lance       |       |       |       |     3 ||     3
Invok: Slouch            |       |       |       |     2 ||     2
Evoke: Wand              |       |     1 |     7 |       ||     8
  Use: Potion            |     1 |     1 |     1 |       ||     3
  Eat: Chunk             |       |       |       |     2 ||     2
Armor: Scale mail        |     5 |    10 |    12 |    15 ||    42
Dodge: Dodged            |     4 |     5 |     8 |    10 ||    27
Block: Medium shield     |     1 |    13 |    20 |    37 ||    71
